 Dungeon Crawl Stone Soup version 0.30-a0-414-gcb316572d5 (webtiles) character file.

Game seed: 14201058691380161591

18 McMuffin the Conjurer (level 2, 0/20 HPs)
             Began as a Draconian Conjurer on Dec 8, 2022.
             Slain by a gnoll
             ... wielding a +0 spear
              (5 damage)
             ... on level 2 of the Dungeon.
             The game lasted 00:05:53 (423 turns).

McMuffin the Conjurer (Draconian Conjurer)           Turns: 423, Time: 00:05:53

Health: 0/20       AC:  4    Str:  9    XL:     2   Next: 48%
Magic:  0/5        EV: 12    Int: 18    God:
Gold:   25         SH:  0    Dex:  9    Spells: 2/5 levels left

rFire   . . .      SeeInvis .    e - +0 short sword (holy)
rCold   . . .      Faith    .    (no shield)
rNeg    . . .      Spirit   .    (body armour unavailable)
rPois   .          Reflect  .    (helmet restricted)
rElec   .          Harm     .    (no cloak)
rCorr   .          Rampage  .    (no gloves)
Will    .....                    (no boots)
Stlth   ++........               (no amulet)
HPRegen 0.23/turn                (no ring)
MPRegen 0.09/turn                (no ring)

@: no status effects
A: AC +4, unfitting armour, cold-blooded
a: no special abilities


You were on level 2 of the Dungeon.
You visited 1 branch of the dungeon, and saw 2 of its levels.

You collected 25 gold pieces.

Inventory:

Hand Weapons
 d - a +0 club
 e - a +0 short sword of holy wrath (weapon)
Armour
 k - a +0 robe
Jewellery
 h - an amulet of faith
Scrolls
 b - a scroll of identify
 c - 3 scrolls of teleportation
 i - a scroll of amnesia {unknown}
 l - a scroll of vulnerability {unknown}
Potions
 a - a potion of magic
 f - a potion of curing {unknown}
 g - a potion of resistance {unknown}
 j - 2 potions of brilliance {unknown}


   Skills:
 + Level 0.4 Maces & Flails
 + Level 2.0 Dodging
 + Level 1.7 Stealth
 + Level 2.0 Spellcasting
 + Level 4.5 Conjurations


You had 2 spell levels left.
You knew the following spells:

 Your Spells              Type           Power      Damage    Failure   Level
a - Magic Dart            Conj           72%        1d6       2%          1
b - Searing Ray           Conj           36%        2d5       4%          2

Your spell library contained the following spells:

 Spells                   Type           Power      Damage    Failure   Level
 Cigotuvi's Dreadful Rot  Necr/Pois/Air  2%         N/A       26%         2
 Poisonous Vapours        Pois/Air       2%         N/A       26%         2
 Dazzling Flash           Conj/Hex       18%        N/A       22%         3
 Mephitic Cloud           Conj/Pois/Air  7%         N/A       28%         3
 Fulminant Prism          Conj/Hex       4%         3d5       56%         4
 Iskenderun's Mystic Bla  Conj/Tloc      9%         2d4       56%         4


Dungeon Overview and Level Annotations

Branches:
Dungeon (2/15)

Altars:


Innate Abilities, Weirdness & Mutations

Your plain brown scales are hard. (AC +4)
You cannot fit into any form of body armour.
You are cold-blooded and may be slowed by cold attacks.


Message History

A gnoll comes into view. It is wielding a +0 halberd.
You see here a scroll labelled LORADE HYIF.
What are your orders? t - Shout!
Orders for allies: a - Attack new target. r - Retreat! s - Stop attacking. g - Guard the area. f - Follow me.
Anything else - Cancel.
Okay, then.
As you read the scroll labelled LORADE HYIF, it crumbles to dust.
It is a scroll of identify.
c - 3 scrolls of teleportation A gnoll comes into view.
It is wielding a +0 whip.
The gnoll shouts!
You don't have enough magic to cast this spell.
The gnoll hits you from afar with a +0 spear.
Aiming: Searing Ray (safe; 4% risk of failure)
Press: ? - help, Q - select action, (/) - cycle Shift-Dir - straight line, f - gnoll
Aim: a gnoll, wielding a +0 spear (81% to hit)
The searing ray hits the gnoll!
The gnoll is heavily wounded.
The searing ray hits the gnoll.
The gnoll is heavily wounded. (Press . to maintain the ray.)
The gnoll barely misses you.
The gnoll hits you from afar with a +0 halberd!
* * * LOW HITPOINT WARNING * * *
The gnoll hits you with a +0 spear.
* * * LOW HITPOINT WARNING * * *
The gnoll shouts!
You hit the gnoll. You tail-slap the gnoll.
You punch the gnoll, but do no damage.
The gnoll is almost dead.
The gnoll barely misses you. The gnoll closely misses you.
The gnoll closely misses you. The gnoll barely misses you.
A kobold comes into view. It is wielding a +0 dagger.
Found a weird jewelled staff.
The gnoll hits you with a +0 spear.
You die...

..... ##......
..... .......
#....# #......
#.##..######..#...
........<.......#
#..# #...#.†..#
##.###......#.####
...?.........ggg.#
...g...###<..###@#
.###..###..### #.#
#.).......##
#.....|..
.......(###
####.....
#.......# #...
#......... .K
#.......#..
........####
.########


You could see 3 gnolls.

Vanquished Creatures
  An endoplasm (D:2)
  A giant cockroach (D:1)
  A goblin (D:1)
  2 hobgoblins
  4 jackals (D:1)
  A kobold (D:1)
  2 ball pythons (D:1)
  2 frilled lizards (D:1)
  A rat (D:2)
15 creatures vanquished.

Notes
Turn   | Place    | Note
-------+----------+-------------------------------------------
     0 | D:1      | McMuffin the Draconian Conjurer began the quest for the
                  | Orb.
     0 | D:1      | Reached XP level 1. HP: 14/14 MP: 3/3
   157 | D:1      | Reached XP level 2. HP: 14/20 MP: 0/5
   304 | D:1      | Learned a level 2 spell: Searing Ray
   423 | D:2      | Slain by a gnoll

Illustrated notes

Levels and vault maps discovered:
D:1:      matt_arrival_refuge, layout_rooms, minmay_crystal_room,
          hangedman_decor_clover_reticule, grunt_decor_arrowhead,
          minmay_misc_feat_columns, minmay_misc_feat_hallway
D:2:      layout_rooms

Skill      XL: |  1  2 |
---------------+-------+-----
Dodging        | 2 |  2.0
Maces & Flails | |  0.4
Stealth        | |  1.7
Spellcasting   | |  2.0
Conjurations   | |  4.5

Action                   || total
-------------------------++-------
Melee: Club              ||    14
       Short sword       ||    14
       Tailslap          ||     2
       Punch             ||     1
 Cast: Magic Dart        ||    13
       Searing Ray       ||     5
  Use: Scroll            ||     1
Armor: Skin              ||     8
Dodge: Dodged            ||    26

Table legend: (Time is in decaauts)
 A = Elapsed time spent in this place.
 B = Non-inter-level travel time spent in this place.
 C = Inter-level travel time spent in this place.
 D = Time resting spent in this place.
 E = Time spent auto-exploring this place.
 F = Levels seen in this place.
 G = Mean time per level.
                   A        B        C        D        E       F      G
               +--------+--------+--------+--------+--------+-----+--------+
         Total |    426 |    426 |      0 |     11 |      0 |   2 |  213.0 |
       Dungeon |    426 |    426 |      0 |     11 |      0 |   2 |  213.0 |
               +--------+--------+--------+--------+--------+-----+--------+

Top non-repeatable levels by time:
     D:1: 366 daAuts
     D:2: 59 daAuts
